cohdb
Replays
Latest Replays
All Replays
Popular Replays
Top Player Replays
Match Explorer
How It Works
Community
CoH3 Stats
Reddit
Sign in to upload your games and track your stats! →
Sign in with Steam
Match 44890983
Unlisted
Match 44890983
Overview
Messages
Build Orders
End
Vickers Machine Gun Team
Construct Section Command Post
Dingo Light Scout Car
Infantry Section
Infantry Section
Construct Platoon Command Post
Infantry Section
6-pounder Anti-tank Gun Team
Unlock Bishop Self-propelled Artillery
Bishop Self-propelled Artillery
Infantry Section
Bishop Self-propelled Artillery
Infantry Section
Bishop Self-propelled Artillery
Royal Engineer Section
Construct Field Infirmary
Selects Heavy Armor Battlegroup
Selects Light Vehicle Withdraw and Refit
Selects Radio Net
Selects Recon Artillery
Recon Artillery
6-pounder Anti-tank Gun Team
NO Problem Old Tie
Neon-Reactionary
nateums
象棋大师
菲蕾嘉
Sgt wiggumZ
JT
Ducksfly
0
0
Comments
sign in to comment!
No comments posted yet!